Map: Lanzamiento al vacío

Players

Nemi

  • Race: Zerg Zerg
  • Spawn Location: 6:00

Jaencio

  • Race: Zerg Zerg

VOD

Have the link to the VOD?

Description

Time

  • Played on: May 18, 2025, 5:46 a.m.
  • Length: 24:37
Show
View Real Time Build Order
Export as new Build Order

Nemi Zerg 

Build Orders:  

Get SALT Encoding   

  12  0:04  Drone  
  13  0:23  Overlord  
  13  0:25  Drone  
  14  0:49  Spawning Pool  
  13  0:54  Drone  
  13  0:58  Drone  
  15  1:03  Drone  
  15  1:08  Drone  
  17  1:24  Queen  
  19  1:33  Zergling x4  
  19  1:38  Zergling x2  
  19  1:39  Zergling x2  
  21  1:47  Zergling x2  
  22  1:52  Zergling x2  
  22  1:54  Zergling  
  22  2:04  Overlord  
  22  2:19  Zergling x6  
  22  2:32  Zergling x2  
  22  2:37  Zergling x2, Drone  
  22  2:38  Zergling x3  
  22  2:39  Zergling  
  24  2:44  Zergling x2  
  24  2:46  Zergling  
  24  2:49  Hatchery  
  23  2:58  Drone  
  24  3:07  Drone x2  
  24  3:08  Drone x3  
  29  3:19  Extractor  
  28  3:20  Zergling x7, Extractor, Overlord  
  23  3:51  Zergling x6  
  26  4:24  Drone  
  26  4:25  Evolution Chamber, Drone x7  
  26  4:28  Queen  
  35  5:08  Heroic Fortitude  
  35  5:10  Lair  
  35  5:12  Drone  
  35  5:13  Drone x8  
  35  5:17  Extractor  
  35  5:18  Extractor  
  42  5:59  Drone  
  43  6:00  Drone  
  43  6:01  Overlord  
  43  6:02  Overlord x3  
  44  6:11  Hive  
  44  6:12  Chain Reaction  
  44  6:42  Unknown  
  44  6:49  Drone x4  
  48  6:50  Drone x4  
  48  6:51  Drone x2  
  48  6:52  Drone  
  48  6:57  Overlord x2  
  55  7:29  Drone  
  56  7:30  Drone x3  
  56  7:33  Drone x2  
  61  8:08  Nydus Network  
  60  8:15  Hatchery  
  59  8:22  Hydralisk Den  
  59  8:24  Ultralisk Cavern  
  59  8:27  Ability Efficiency  
  57  8:30  Evolution Chamber x2  
  57  8:37  Drone x2  
  57  8:39  Nydus Network, Overlord x3  
  56  8:44  Nydus Network  
  55  9:07  Omega Worm  
  55  9:36  Omega Worm  
  55  9:58  Hydralisk  
  55  9:59  Hydralisk x9  
  61  10:00  Hydralisk x6  
  87  10:01  Omega Worm  
  87  10:41  Omega Worm  
  87  11:02  Omega Worm  
  87  11:06  Omega Worm  
  81  11:31  Zerg Melee Weapons Level 1, Zerg Missile Weapons Level 1, Zerg Ground Armor Level 1  
  81  11:33  Muscular Augments  
  81  11:35  Chitinous Plating  
  81  11:41  Queen  
  81  11:43  Metabolic Boost  
  83  11:50  Overlord  
  83  11:51  Overlord x12  
  83  12:04  Omega Worm  
  83  12:09  Ancillary Carapace  
  85  12:11  Burrow Charge  
  85  12:15  Hydralisk  
  85  12:16  Hydralisk  
  85  12:17  Hydralisk x12  
  107  12:25  Hardened Carapace  
  107  12:33  Zergling x6  
  107  12:35  Zergling x2  
  107  12:37  Zergling x3  
  107  12:38  Zergling x3  
  107  12:39  Zergling x2  
  103  12:42  Zergling x5  
  103  12:43  Zergling  
  103  12:47  Tissue Assimilation  
  103  12:50  Omega Worm  
  103  12:51  Zergling x3  
  103  12:53  Zergling x3  
  97  13:01  Adrenal Overload  
  97  13:03  Frenzy  
  97  13:47  Zergling x3  
  97  13:48  Zergling  
  97  13:49  Zergling x2  
  97  13:51  Zergling  
  97  13:55  Zergling x5  
  97  13:59  Zergling x6  
  97  14:01  Zergling x5  
  97  14:07  Zergling x6  
  97  14:09  Zergling  
  97  14:10  Zergling  
  97  14:11  Zergling x4  
  97  14:13  Zergling x3  
  97  14:14  Zergling x3  
  97  14:17  Hydralisk x2  
  97  14:18  Hydralisk x15, Zergling  
  97  14:19  Hydralisk x5  
  141  14:25  Omega Worm  
  141  14:37  Zerg Missile Weapons Level 2, Zerg Ground Armor Level 2, Zerg Melee Weapons Level 2  
  138  15:00  Zergling x2  
  138  15:01  Zergling x16  
  138  15:02  Zergling x8  
  138  15:03  Zergling x4  
  138  15:05  Zergling x2  
  154  15:13  Zergling x9  
  154  15:14  Zergling x4  
  154  15:15  Zergling x14  
  154  15:17  Zergling x5  
  154  15:18  Zergling x13  
  154  15:19  Zergling x9  
  154  15:20  Zergling x4  
  154  15:21  Zergling x9  
  154  15:22  Zergling x5  
  154  15:23  Zergling x18  
  154  15:24  Zergling x4  
  154  15:25  Zergling x5  
  154  15:26  Zergling x6  
  154  15:27  Zergling x5  
  154  15:28  Zergling x8  
  154  15:29  Zergling x17  
  154  15:31  Zergling x12  
  154  15:32  Zergling x3  
  154  15:33  Zergling x6  
  154  15:34  Zergling x10, Omega Worm  
  154  15:35  Zergling x5  
  154  15:36  Zergling x4  
  154  15:39  Zergling  
  153  15:41  Zergling x5  
  153  15:42  Zergling x4  
  153  15:43  Zergling  
  149  16:04  Zergling  
  149  16:05  Zergling x5  
  149  16:06  Zergling x7  
  149  16:07  Zergling x7  
  149  16:08  Zergling  
  149  16:09  Zergling x5  
  145  16:10  Zergling x5  
  145  16:22  Zergling x5  
  145  16:23  Zergling  
  145  16:34  Zergling  
  145  16:39  Zergling x4  
  141  16:40  Zergling x3  
  141  16:41  Zergling x2  
  141  16:42  Zergling  
  141  16:48  Omega Worm  
  137  17:19  Omega Worm  
  137  17:20  Omega Worm  
  137  17:35  Ultralisk  
  137  17:36  Ultralisk x3  
  137  17:37  Ultralisk  
  137  17:38  Ultralisk  
  173  17:46  Zergling x2  
  174  17:52  Zerg Missile Weapons Level 3, Zerg Melee Weapons Level 3, Zerg Ground Armor Level 3  
  174  17:55  Zergling x3  
  174  17:57  Zergling x3  
  174  17:58  Zergling x2  
  174  18:10  Omega Worm  
  171  18:30  Omega Worm  
  171  18:52  Zergling x2  
  200  19:01  Hydralisk  
  200  19:02  Hydralisk x8  
  200  19:03  Hydralisk x4  
  200  19:04  Hydralisk  
  200  19:28  Omega Worm  
  200  19:42  Omega Worm  
  200  20:33  Hatchery  
  197  21:30  Zergling  
  197  21:31  Zergling  
  197  21:32  Zergling x3  
  197  21:37  Drone  
  198  21:43  Drone x2  
  198  21:44  Queen  
  188  22:02  Greater Spire  
  184  22:17  Extractor  
  183  22:28  Spire  
  183  22:29  Spire  
  181  22:42  Drone  
  181  22:43  Drone x7  
  181  22:44  Drone x4  
  193  22:50  Ventral Sacs  
  193  22:53  Extractor  
  186  24:27  Unknown  
Show
View Real Time Build Order
Export as new Build Order

Jaencio Zerg 

Build Orders:  

Get SALT Encoding   

  12  0:03  Drone  
  13  0:15  Overlord  
  13  0:21  Drone  
  14  0:36  Extractor, Drone  
  14  0:37  Extractor, Drone  
  14  0:43  Drone  
  14  0:47  Drone  
  16  0:52  Drone  
  16  0:59  Drone  
  18  1:03  Drone  
  18  1:09  Drone  
  20  1:14  Drone  
  20  1:16  Drone  
  22  1:37  Spawning Tool  
  22  1:39  Drone  
  22  2:08  Overlord  
  22  2:13  Overlord x2  
  22  2:39  Zergling x8  
  17  2:40  Zergling x2  
  27  2:54  Drone  
  27  2:55  Drone  
  29  3:18  Zergling x4  
  31  3:23  Drone  
  31  3:24  Zergling  
  31  3:26  Zergling  
  31  3:28  Zergling  
  31  3:29  Zergling  
  32  3:30  Zergling  
  32  3:31  Hatchery  
  32  3:39  Zergling  
  28  4:26  Drone  
  28  4:27  Drone x5  
  34  4:44  Hatchery  
  34  4:46  Extractor  
  32  4:59  Infestation Pit  
  31  5:00  Hydralisk Den  
  31  5:03  Overlord  
  31  5:04  Drone x2  
  31  5:09  Zergling, Drone  
  33  5:10  Zergling  
  33  5:14  Zergling  
  33  5:15  Zergling  
  31  5:51  Drone x6  
  31  5:52  Drone x7  
  31  5:55  Extractor  
  43  6:06  Hydralisk  
  45  6:16  Metabolic Boost  
  45  6:27  Evolution Chamber  
  45  6:28  Evolution Chamber  
  45  6:29  Drone x2  
  40  6:30  Drone  
  46  6:57  Zergling  
  46  7:19  Zergling  
  46  7:20  Zergling x2  
  46  7:21  Zergling x6  
  46  7:23  Overlord  
  46  7:24  Overlord x7  
  49  7:32  Hydralisk  
  49  7:33  Hydralisk  
  52  7:56  Zergling x2  
  52  7:57  Zergling x16  
  59  8:14  Zerg Melee Weapons Level 1, Zerg Missile Weapons Level 1, Zerg Ground Armor Level 1  
  59  8:16  Hardened Ergonergy Shield, Adrenal Glands  
  59  8:18  Muscular Augments, Erudition Missile Launchers  
  59  8:36  Hydralisk  
  59  8:37  Hydralisk x4  
  59  8:38  Zergling  
  69  8:41  Zergling x4  
  69  8:44  Zergling x4  
  69  8:45  Zergling  
  69  8:46  Zergling x2  
  69  8:47  Zergling  
  69  8:50  Zergling  
  69  9:00  Zergling  
  69  9:02  Zergling  
  69  9:03  Zergling  
  69  9:05  Hydralisk  
  69  9:08  Zergling  
  64  9:10  Zergling  
  64  9:18  Zergling  
  52  9:51  Zergling x2  
  52  9:52  Zergling x14  
  52  9:53  Zergling x2  
  61  10:00  Zergling  
  61  10:10  Hydralisk  
  61  10:11  Hydralisk x11  
  61  10:18  Zergling  
  84  10:30  Hydralisk x3  
  84  10:34  Hydralisk  
  84  10:35  Hydralisk x5  
  101  10:50  Hydralisk x3  
  101  10:51  Hydralisk  
  101  10:57  Drone  
  101  10:58  Drone x4  
  114  11:10  Ultralisk Cavern  
  113  11:28  Zergling  
  113  11:29  Zergling  
  113  11:30  Zergling  
  113  11:31  Zergling  
  113  11:32  Zergling  
  113  11:34  Zerg Missile Weapons Level 2, Zerg Ground Armor Level 2, Zerg Melee Weapons Level 2  
  113  11:36  Zergling, Tyr-Class Targeting System  
  113  11:42  Zergling, Drone x4  
  113  11:46  Hydralisk  
  113  11:48  Baneling Nest  
  112  12:03  Overseer  
  112  12:04  Overseer x2  
  112  12:06  Zergling  
  108  12:23  Zergling  
  108  12:26  Zergling  
  108  12:32  Mecha Mooch Module, Electrostatic Surprise  
  105  13:32  Chitanium Plating  
  105  13:36  Zergling  
  105  13:40  Zergling  
  105  13:49  Zergling x4  
  105  13:52  Ultralisk  
  105  13:53  Ultralisk x2  
  105  13:55  Zergling  
  105  13:56  Overlord x5  
  105  13:57  Overlord x2  
  105  13:59  Hatchery  
  124  14:00  Extractor  
  124  14:02  Extractor  
  124  14:07  Zergling  
  117  14:14  Hydralisk  
  117  14:15  Zergling  
  117  14:16  Zergling  
  117  14:19  Zergling  
  116  14:22  Zergling  
  116  14:27  Zergling x2  
  116  14:28  Zergling x2  
  117  14:41  Drone  
  117  14:42  Drone x15  
  132  14:56  Hydralisk x3  
  132  14:57  Ultralisk  
  132  14:58  Ultralisk  
  150  15:26  Zergling, Zerg Missile Weapons Level 3, Zerg Melee Weapons Level 3, Zerg Ground Armor Level 3  
  143  15:51  Overlord  
  143  15:52  Overlord x3  
  143  16:21  Zergling  
  143  16:28  Zergling x2  
  143  16:29  Zergling x10  
  142  16:38  Hydralisk  
  142  16:39  Hydralisk x11  
  169  16:40  Hydralisk x6  
  181  17:24  Drone  
  181  17:25  Drone x7  
  189  17:32  Anti-Centripetal Rocket Servos, Egonergy Enhanced Explosives  
  189  17:34  Zergling x2  
  189  17:35  Zergling x16  
  189  17:36  Zergling x2  
  199  17:55  Zergling  
  199  18:07  Zergling  
  199  18:32  Egonergy Efficient Barrier  
  199  18:58  Zergling  
  199  18:59  Zergling x5  
  199  19:00  Zergling x4  
  199  19:01  Zergling  
  199  19:02  Zergling  
  199  19:03  Zergling x2  
  199  19:04  Zergling x2  
  199  19:06  Zergling  
  199  19:07  Zergling  
  199  19:08  Zergling x2  
  193  20:32  Hydralisk  
  193  20:33  Hydralisk x2  
  197  21:20  Zergling  
  197  21:21  Zergling  
  197  21:31  Zergling  
  197  21:32  Zergling  
  197  21:33  Zergling x3  
  197  21:34  Zergling x10  
  197  21:35  Zergling x3  
  197  21:36  Zergling x5  
  197  21:38  Zergling  
  197  22:21  Zergling x2  
  197  22:22  Drone x2  
  200  22:40  Hydralisk  
  198  23:44  Hydralisk  
  198  23:47  Zergling  
  196  23:59  Zergling  
  145  24:00  Zergling  
  196  24:01  Zergling  
  196  24:03  Zergling  
  196  24:05  Zergling  
Tags
 
Add a new tag
Caveats
  • Supply blocks, unpowered buildings, or Contaminate may cause inaccurate times.
  • Supply counts are checked every 10 seconds.